 Dungeon Crawl Stone Soup version 0.16-a0-3638-g6091178 (webtiles) character file.

124 vatarom the Sneak (level 5, -3/26 HPs)
             Began as a Vine Stalker Assassin on Jan 15, 2015.
             Slain by Grinder (5 damage)
             ... on level 3 of the Dungeon.
             The game lasted 00:05:38 (1744 turns).

vatarom the Sneak (Vine Stalker Assassin)           Turns: 1744, Time: 00:05:38

Health: -3/26      AC:  4    Str: 15    XL:     5   Next: 8%
Magic:  0/7        EV: 13    Int: 11    God:
Gold:   106        SH:  0    Dex: 15    Spells: 0 memorised, 4 levels left

rFire  . . .     SeeInvis .     a - +2 dagger
rCold  . . .     Clarity  .     c - +0 robe
rNeg   . . .     SustAb   .     (no shield)
rPois  .         Gourm    .     (no helmet)
rElec  .         Spirit   +     d - +0 cloak
rCorr  .         Warding  .     (no gloves)
rMut   .         Stasis   .     i - +0 pair of boots
MR     .....                    (no amulet)
Stlth  +++.......               (no ring)
                                (no ring)

@: not resistant to hostile enchantments, fairly stealthy
A: fangs 2, regeneration 1, magic shield, antimagic bite, no device heal 3, rot
immunity
a: no special abilities


You were on level 3 of the Dungeon.
You were not hungry.

You visited 1 branch of the dungeon, and saw 3 of its levels.

You collected 106 gold pieces.

Inventory:

Hand weapons
 a - a +2 dagger (weapon)
 b - a +0 blowgun
Missiles
 e - 6 poisoned needles
Armour
 c - a +0 robe (worn)
 d - a +0 cloak (worn)
 i - a +0 pair of boots (worn)
 l - a +0 scale mail
Scrolls
 j - 3 scrolls of identify
 n - a scroll of amnesia {unknown}
Potions
 h - 2 potions of curing
 m - a potion of cancellation
Books
 k - a book of the Dragon

   Spells                             Type                      Level
   a - Flight                         Charms/Air                   3
   b - Cause Fear                     Hexes                        4
   c - Bolt of Fire                   Conjuration/Fire             6
   d - Dragon Form                    Transmutation                7
   e - Dragon's Call                  Summoning                    9
Comestibles
 g - 2 bread rations


   Skills:
 - Level 1.7 Fighting
 + Level 2.9 Short Blades
 - Level 1.7 Throwing
 - Level 3.0 Dodging
 - Level 5.0 Stealth


You had 4 spell levels left.
You didn't know any spells.

Dungeon Overview and Level Annotations

Branches:
Dungeon (3/15)

Altars:

Annotations:
D:3 Grinder


Innate Abilities, Weirdness & Mutations

You have extremely sharp teeth.
Your natural rate of healing is unusually fast.
When hurt, damage is shared between your health and your magic reserves.
Your bite disrupts and absorbs the magic of your enemies.
Potions and wands cannot restore your health.
You are immune to rotting.


Message History

Grinder gestures at you. You resist with some effort.
You hit Grinder.
Grinder is heavily wounded.
Grinder hits you.
You writhe in agony.
You closely miss Grinder.
Grinder is heavily wounded.
Grinder misses you.
You hit Grinder. Your bite misses Grinder.
Grinder is heavily wounded.
Grinder closely misses you.
You hit Grinder.
Grinder is severely wounded.
Grinder closely misses you.
You hit Grinder but do no damage.
Grinder is severely wounded.
Grinder hits you!
* * * LOW HITPOINT WARNING * * *
You writhe in agony.
You die...

#.###.....#
#........##
#######.##
#.# #.#
##'##
##[..##
##...5.##
##.....@.##
#.......<.#
+.........+
#.........#
##.......##
##.....##
##...##
##+##


You could see Grinder.

Vanquished Creatures
  An orc wizard (D:2)
  An adder (D:2)
  A giant mite (D:2)
  3 worms (D:2)
  A giant gecko (D:2)
  2 oozes (D:1)
  2 orcs (D:2)
  5 giant cockroaches
  6 goblins
  7 hobgoblins
  4 kobolds
  2 quokkas (D:2)
  9 bats
  A giant newt (D:2)
  8 jackals
  3 rats (D:1)
56 creatures vanquished.

Notes
Turn   | Place    | Note
--------------------------------------------------------------
     0 | D:1      | vatarom, the Vine Stalker Assassin, began the quest for the Orb.
     0 | D:1      | Reached XP level 1. HP: 11/11 MP: 1/1
     7 | D:1      | Reached skill level 5 in Stealth
    38 | D:1      | Reached skill level 1 in Dodging
    96 | D:1      | Reached XP level 2. HP: 9/15 MP: 3/3
   342 | D:1      | Reached XP level 3. HP: 18/18 MP: 4/4
   790 | D:2      | Reached XP level 4. HP: 19/23 MP: 5/5
  1379 | D:2      | Reached XP level 5. HP: 5/26 MP: 2/7
  1530 | D:3      | Noticed Grinder
  1640 | D:3      | HP: 1/26 [Grinder (3)]
  1744 | D:3      | Slain by Grinder

Action                   |  1- 3 |  4- 6 || total
-------------------------+-------+-------++-------
Melee: Dagger            |   131 |    85 ||   216
       Unarmed           |       |    14 ||    14
 Fire: Blowgun           |     4 |    10 ||    14
  Use: Scroll            |     3 |     2 ||     5
       Potion            |     3 |       ||     3
 Stab: Sleeping          |     4 |     3 ||     7
       Distracted        |     1 |       ||     1
  Eat: Pizza             |       |     1 ||     1
       Chunk             |       |     1 ||     1
